 Dungeon Crawl Stone Soup version 0.31-a0-705-ga145531891 (webtiles) character file.

Game seed: 9187499127080936171

100 MackTheKnife the Scratcher (level 4, 19/19 HPs)
             Began as a Felid Wanderer on Sept 9, 2023.
             Quit the game on level 2 of the Dungeon.
             The game lasted 00:03:06 (1614 turns).

MackTheKnife the Scratcher (Felid Wanderer)         Turns: 1614, Time: 00:03:06

Health: 19/19      AC:  1    Str:  9    XL:     4   Next: 47%
Magic:  6/6        EV: 20    Int: 13    God:
Gold:   64         SH:  0    Dex: 22    Spells: 5/5 levels left
                                        Lives:  1   Deaths: 1

rFire   . .          .
                       - Unarmed
rCold   . . .        (shield unavailable)
rNeg    . . .        (body armour unavailable)
rPois   .            (helmet unavailable)
rElec   .            (cloak unavailable)
rCorr   .            (gloves unavailable)
SInv    +            (boots unavailable)
Will    .....        (no amulet)
Stlth   +++          e - +6 ring of intelligence
HPRegen 0.23/turn    i - ring of flight
MPRegen 0.10/turn

%: clarity
@: flying, quick
A: very small, claws 1, fangs 3, see invisible, speed 1, shaggy fur 1, stealthy
paws, no weapons or thrown items, no armour, multi-lived, agile 1, clarity,
dopey 1, wild magic 1
a: no special abilities


You were on level 2 of the Dungeon.
You visited 1 branch of the dungeon, and saw 2 of its levels.

You collected 64 gold pieces.


Innate Abilities, Weirdness & Mutations

You have sharp claws.
You have razor-sharp teeth.
You have supernaturally acute eyesight. (SInv)
You cover ground quickly. (Speed+)
You are covered in fur. (AC +1)
Your paws help you pounce on unaware monsters.
You are incapable of wielding weapons or throwing items.
You cannot wear armour.
You gain extra lives every three experience levels.
You are agile. (Dex +4, Str/Int -1)
You possess an exceptional clarity of mind.
You are dopey. (Int -2)
Your spells are a little harder to cast, but a little more powerful.


   Skills:
 + Level 1.8 Fighting
 + Level 4.3 Dodging
 - Level 3.7 Stealth
 + Level 4.7 Unarmed Combat
 - Level 1.0 Spellcasting


You had 5 spell levels left.
You didn't know any spells.
Your spell library contained the following spells:

 Spells                   Type           Power      Damage    Failure   Level
 Gell's Gravitas          Tloc           0%         N/A       71%         3
 Stone Arrow              Conj/Erth      0%         3d7       71%         3
 Teleport Other           Tloc           0%         N/A       71%         3
 Dispersal                Tloc           0%         N/A       100%        6
 Lehudib's Crystal Spear  Conj/Erth      0%         10d2      100%        8
 Animate Armour           Summ/Erth      Unusable   N/A       N/A         4

Inventory:

Jewellery
 e - a +6 ring of intelligence (left paw)
   (You found it on level 1 of the Dungeon)
 i - a ring of flight (right paw)
   (You found it on level 1 of the Dungeon)
Scrolls
 a - a scroll of summoning
 d - 2 scrolls of teleportation {@r4}
 g - a scroll of identify {unknown}
Potions
 b - a potion of berserk rage {!q}
 c - a potion of lignification {unknown}
 f - a potion of degeneration {unknown}
 h - a potion of might
 j - a potion of ambrosia {unknown}

Dungeon Overview and Level Annotations

Branches:
Dungeon (2/15) Zot: 16650

Altars:

###### #....#
#############....#
#..........##....####
#....(.....##........
#>.........##...<....
#..........##........
#....................
#...@......##........
###..........##....<...
##≈#..........##........
#≈≈~.....~~~..######....
##≈≈≈~...~≈≈~..# #)...
#≈≈≈≈##'##≈≈~.## #####
#≈≈≈≈#...#≈≈≈≈.##
#≈≈≈≈#._.#≈≈≈≈..####
#≈≈≈≈#...#≈≈≈~#....######


There were no monsters in sight!


Message History

You claw the adder!
You kill the adder! 😮 HP[+1] 😮 HP[+1] 😮 HP[+1]
You start resting.
A worm is nearby! 😕 HP[+2]
You regained 2 hp, and now have 15/19 hp.
You claw the worm! You barely miss the worm.
The worm closely misses you. 😕 HP[+1]
You claw the worm! You scratch the worm.
You kill the worm!
You start resting. 😎 HP[+3]
Your hp is fully restored (19).
An endoplasm is nearby!
An endoplasm is nearby!
A rat comes into view.
The rat moves out of view.
The endoplasm quivers.
You scratch the endoplasm but do no damage.
The endoplasm misses you.
You scratch the endoplasm.
You kill the endoplasm!
No target in view!
No target in view!
h - 2 dark potions (gained 1) Key pressed, stopping explore.
An adder comes into view.
An adder is nearby!
The adder hisses angrily.
An adder comes into view.
You scratch the adder. The adder misses you.
You closely miss the adder. Your claw misses the adder. The adder bites you.
The adder barely misses you. 😕 HP[-2]
You take 2 damage, and now have 17/19 hp.
You see here 3 gold pieces.
The adder bites you. 😕 HP[-2]
You take 2 damage, and now have 15/19 hp.
The adder attacks as it pursues you! The adder misses you.
The adder attacks as it pursues you! The adder closely misses you. 😕 HP[+1]
A giant cockroach comes into view.
You claw the adder! The adder bites you. 😮 HP[-3]
You take 3 damage, and now have 13/19 hp.
You are too injured to fight recklessly!
You are too injured to fight recklessly!
You are too injured to fight recklessly!
You are too injured to fight recklessly!
You are too injured to fight recklessly!
You are too injured to fight recklessly!
You are too injured to fight recklessly!
You scratch the adder.
You kill the adder!
You closely miss the adder.
The adder bites you but does no damage. 😮 HP[+1]
You miss the adder. The adder bites you. The adder barely misses you. 😮 HP[-3]
You take 3 damage, and now have 11/19 hp.
You barely miss the adder. The adder misses you.
You miss the adder.
The giant cockroach completely misses you.
The adder misses you.
You closely miss the adder. The giant cockroach misses you.
The adder bites you.
* * * LOW HITPOINT WARNING * * *
You are poisoned.
The adder poisons you! 😨 HP[-4]
You take 4 damage, and now have 7/19 hp.
MASSIVE DAMAGE!! (PAUSE)
You scratch the adder.
You feel sick.
The giant cockroach completely misses you.
The adder bites you.
* * * LOW HITPOINT WARNING * * *
You are more poisoned.
The adder poisons you! 😱 HP[-4]
You take 4 damage, and now have 3/19 hp.
MASSIVE DAMAGE!! (PAUSE) It was a potion of might.
You feel very mighty all of a sudden.
* * * LOW HITPOINT WARNING * * *
You feel sick. The giant cockroach closely misses you. The adder bites you.
You die...
The giant cockroach closely misses you. The adder completely misses you.
You rejoin the land of the living... 😎 HP[+16]
Your hp is fully restored (19).
Unknown command.
Unknown command.
Unknown command.
Okay, then.
Are you sure you want to abandon this character and quit the game? (Confirm with "yes".)

Skill      XL: |  1  2  3 |
---------------+----------+-----
Stealth        | 3 |  3.7
Dodging        | 3 4 |  4.3
Fighting       | |  1.8
Unarmed Combat | |  4.7
Spellcasting   | |  1.0

Action                     |  1- 3 |  4- 6 || total
---------------------------+-------+-------++-------
  Melee: Unarmed           |   104 |    34 ||   138
         Bite              |    10 |       ||    10
    Use: Potion            |     1 |     1 ||     2
   Stab: Sleeping          |     9 |     1 ||    10
 Armour: Skin              |    30 |    14 ||    44
  Dodge: Dodged            |    69 |    35 ||   104

Levels and vault maps discovered:
D:1:      elethiomel_arrival_infinity_welcomes_careful_drivers, layout_basic
D:2:      minmay_skewed_foursquare, layout_rooms,
          nicolae_ecumenical_lake_church, st_stairs_7, minmay_bisected

Notes
Turn   | Place    | Note
-------+----------+-------------------------------------------
     0 | D:1      | MackTheKnife the Felid Wanderer began the quest for the
                  | Orb.
     0 | D:1      | MackTheKnife set off with the following items: a scroll of
                  | summoning, a potion of berserk rage {!q}, a potion of
                  | mutation {!q}, a scroll of teleportation {@r4}.
     0 | D:1      | Reached XP level 1. HP: 9/9 MP: 3/3
     0 | D:1      | magus.rc [v1.9.6]
     0 | D:1      | Gained mutation: You are dopey. (Int -2) [potion of
                  | mutation]
     0 | D:1      | Gained mutation: You possess an exceptional clarity of
                  | mind. [potion of mutation]
     0 | D:1      | Gained mutation: Your spells are a little harder to cast,
                  | but a little more powerful. [potion of mutation]
     0 | D:1      | Gained mutation: You are agile. (Dex +4, Str/Int -1)
                  | [potion of mutation]
    96 | D:1      | Reached skill level 3 in Stealth
   100 | D:1      | Reached skill level 3 in Dodging
   132 | D:1      | You pick up a book of Armaments and begin reading...
   132 | D:1      | You add the spells Stone Arrow and Lehudib's Crystal Spear
                  | to your library.
   137 | D:1      | Reached XP level 2. HP: 12/12 MP: 4/4
   611 | D:1      | HP: 3/12 [gnoll/+0 club (3)]
   663 | D:1      | Reached XP level 3. HP: 13/15 MP: 5/5
   721 | D:1      | You add the spells Gell's Gravitas, Teleport Other and
                  | Dispersal to your library.
  1189 | D:2      | Reached skill level 4 in Dodging
  1224 | D:2      | Found a faded altar of an unknown god.
  1408 | D:2      | Reached XP level 4. HP: 19/19 MP: 6/6
  1612 | D:2      | HP: 3/19 [adder (3)]
  1613 | D:2      | HP: 1/19 [poisoned by an adder]
  1613 | D:2      | Slain by an adder
  1614 | D:2      | Quit the game

Vanquished Creatures
  A gnoll (D:1)
  4 adders (D:2)
  2 worms (D:2)
  5 ball pythons
  6 bats
  5 endoplasms
  4 giant cockroaches
  A goblin (D:2)
  4 jackals (D:1)
  4 kobolds
  3 quokkas
  3 frilled lizards
  7 rats
49 creatures vanquished.

Table legend:
 A = Non-vault XP
 B = Vault XP
 C = Vault XP percentage of total XP
 D = Non-vault monster count
 E = Vault monster count
 F = Vault count percentage of total count
                 A         B        C        D         E       F
            +---------+---------+-------+---------+---------+-------
      Total |     123 |      21 |  14.6 |      45 |       4 |   8.2
            +---------+---------+-------+---------+---------+-------
        D:1 |      56 |       0 |   0.0 |      27 |       0 |   0.0
        D:2 |      67 |      21 |  23.9 |      18 |       4 |  18.2
            +---------+---------+-------+---------+---------+-------

Skill      XL: |  1  2  3 |
---------------+----------+-----
Stealth        | 3 |  3.7
Dodging        | 3 4 |  4.3
Fighting       | |  1.8
Unarmed Combat | |  4.7
Spellcasting   | |  1.0

Action                     |  1- 3 |  4- 6 || total
---------------------------+-------+-------++-------
  Melee: Unarmed           |   104 |    34 ||   138
         Bite              |    10 |       ||    10
    Use: Potion            |     1 |     1 ||     2
   Stab: Sleeping          |     9 |     1 ||    10
 Armour: Skin              |    30 |    14 ||    44
  Dodge: Dodged            |    69 |    35 ||   104

Illustrated notes

Table legend:
 A = Kills in this place as a percentage of kills in the entire game.
 B = Kills by you in this place as a percentage of kills by you in the entire game.
 C = Kills by friends in this place as a percentage of kills by friends in the entire game.
 D = Other kills in this place as a percentage of other kills in the entire game.
 E = Experience gained in this place as a percentage of experience gained in the entire game.
 F = Experience gained in this place divided by the number of levels of this place that you have seen.
                   A       B       C       D       E      F
               +-------+-------+-------+-------+-------+----------------------
         Total | 100.0 | 100.0 |   N/A |   N/A | 100.0 |  72.0
       Dungeon | 100.0 | 100.0 |   N/A |   N/A | 100.0 |  72.0
               +-------+-------+-------+-------+-------+----------------------

Table legend: (Time is in decaauts)
 A = Elapsed time spent in this place.
 B = Non-inter-level travel time spent in this place.
 C = Inter-level travel time spent in this place.
 D = Time resting spent in this place.
 E = Time spent auto-exploring this place.
 F = Levels seen in this place.
 G = Mean time per level.
                   A        B        C        D        E       F      G
               +--------+--------+--------+--------+--------+-----+--------+
         Total |   1349 |   1325 |     24 |    145 |    800 |   2 |  674.5 |
       Dungeon |   1349 |   1325 |     24 |    145 |    800 |   2 |  674.5 |
               +--------+--------+--------+--------+--------+-----+--------+

Top non-repeatable levels by time:
     D:1: 839 daAuts
     D:2: 510 daAuts
